 Dungeon Crawl Stone Soup version 0.20.1-1-g8b1a95d (webtiles) character file.

623 tmwrnj the Cudgeler (level 7, -2/61 HPs)
             Began as a Hill Orc Fighter on Sept 22, 2017.
             Was an Initiate of Beogh.
             Slain by an orc warrior
             ... wielding a cursed -3 war axe
              (8 damage)
             ... on level 6 of the Dungeon.
             The game lasted 00:16:16 (5573 turns).

tmwrnj the Cudgeler (Hill Orc Fighter)              Turns: 5573, Time: 00:16:16

Health: -2/61      AC:  9    Str: 21    XL:     7   Next: 46%
Magic:  7/7        EV:  6    Int:  8    God:    Beogh [......]
Gold:   208        SH:  9    Dex: 10    Spells: 6/6 levels left

rFire    . . .     SeeInvis .   a - +0 flail
rCold    . . .     Gourm    .   c - +0 shield
rNeg     . . .     Faith    .   t - +0 chain mail
rPois    .         Spirit   .   (no helmet)
rElec    .         Reflect  .   (no cloak)
rCorr    .         Harm     .   (no gloves)
MR       .....                  (no boots)
Stlth    ..........             (no amulet)
Regen    0.2/turn               (no ring)
MPRegen  0.1/turn               (no ring)

@: no status effects
A: no striking features
a: Renounce Religion


You were on level 6 of the Dungeon.
You worshipped Beogh.
Beogh was noncommittal.
You were not hungry.

You visited 1 branch of the dungeon, and saw 6 of its levels.
You also visited: Sewer.

You collected 208 gold pieces.

Inventory:

Hand Weapons
 a - a +0 flail (weapon)
 z - a +0 mace
Armour
 c - a +0 shield (worn)
 t - a +0 chain mail (worn)
 y - a +1 cloak
 C - a +0 troll leather armour {Purgy}
Jewellery
 u - an uncursed ring of protection from fire {unknown}
 v - a +1 ring of evasion {unknown}
 B - an uncursed ring of protection from cold {unknown}
Wands
 E - a wand of scattershot (3/9)
Scrolls
 b - a scroll of recharging {unknown}
 d - a scroll of blinking {unknown}
 e - a scroll of immolation
 n - a scroll of enchant armour {unknown}
 o - a scroll of amnesia {unknown}
 q - 6 scrolls of identify
 s - a scroll of fog {unknown}
 w - a scroll of remove curse {unknown}
Potions
 h - 4 potions of flight
 i - a potion of agility {unknown}
 l - 2 potions of curing {unknown}
 m - a potion of resistance {unknown}
 p - a potion of berserk rage {unknown}
 r - a potion of ambrosia {unknown}
 x - a potion of brilliance {unknown}
 D - a potion of heal wounds {unknown}
 F - a potion of lignification {unknown}
Comestibles
 f - 2 bread rations
 j - 4 meat rations
 k - a royal jelly


   Skills:
 + Level 5.0 Fighting
 + Level 5.5 Maces & Flails
 + Level 5.4 Armour
 + Level 1.0 Dodging
 + Level 0.5 Stealth
 + Level 4.9 Shields


You had 6 spell levels left.
You didn't know any spells.

Dungeon Overview and Level Annotations

Branches:
Dungeon (6/15)
 Temple: D:4-7

Altars:
Ashenzari
Fedhas
Makhleb

Annotations:
D:5 Menkaure


Message History

The orc wizard is lightly wounded.
The orc wizard hits you but does no damage.
You block the orc warrior's attack.
The orc wizard hits you but does no damage.
You closely miss the orc wizard.
The orc wizard is lightly wounded.
The orc wizard hits you but does no damage.
You block the orc warrior's attack. You block the orc wizard's attack.
You miss the orc wizard.
The orc wizard is lightly wounded.
The orc wizard hits you with a dagger.
* * * LOW HITPOINT WARNING * * *
The orc warrior hits you with a war axe!
* * * LOW HITPOINT WARNING * * *
As you read the scroll of immolation, it crumbles to dust.
The creatures around you are filled with an inner flame!
The orc wizard hits you but does no damage.
The orc warrior hits you with a war axe!
You die...
Beogh appreciates the orc warrior's killing of a heretic priest.

#####################
#ooo@o...)...........
#.###################
#.# #.#######
#...oooo. #..######
#..# #..# #..#


You could see an orc warrior (inner flame), an orc wizard (inner flame) and 2
orcs.

Vanquished Creatures
  Purgy (Sewer)
  An ogre (D:5)
  2 howler monkeys (D:4)
  A crimson imp (D:5)
  Crazy Yiuf (D:2)
  A hound (D:3)
  A bullfrog skeleton (D:4)
  2 worker ants
  3 gnolls (D:3)
  5 adders
  3 oozes
  2 worms
  4 dart slugs (D:2)
  7 leopard geckos
  4 orcs
  14 bats
  4 giant cockroaches
  7 goblins
  5 hobgoblins
  7 jackals
  9 kobolds
  A quokka (D:4)
  4 frilled lizards
  A leopard gecko skeleton (D:4)
  A quokka skeleton (D:6)
  7 rats
  5 fungi (D:2)
103 creatures vanquished.

Vanquished Creatures (others)
  2 orcs (D:4)
2 creatures vanquished.

Grand Total: 105 creatures vanquished

Notes
Turn   | Place    | Note
-------+----------+-------------------------------------------
     0 | D:1      | tmwrnj the Hill Orc Fighter began the quest for the Orb.
     0 | D:1      | Reached XP level 1. HP: 19/19 MP: 1/1
   365 | D:1      | Reached XP level 2. HP: 18/27 MP: 2/2
   738 | D:1      | Reached XP level 3. HP: 33/33 MP: 3/3
  1709 | D:2      | Found a runed door.
  1850 | D:2      | Reached XP level 4. HP: 36/40 MP: 4/4
  2162 | D:3      | Reached skill level 1 in Dodging
  2274 | D:3      | Reached XP level 5. HP: 22/46 MP: 5/5
  2677 | D:3      | Found a burning altar of Makhleb.
  3298 | D:4      | Became a worshipper of Beogh the Brigand
  3331 | D:4      | Found a shattered altar of Ashenzari.
  3728 | D:4      | Reached XP level 6. HP: 32/52 MP: 6/6
  3817 | D:4      | Reached skill level 5 in Maces & Flails
  4366 | D:2      | Noticed Crazy Yiuf
  4379 | D:2      | Killed Crazy Yiuf
  4575 | D:5      | Entered Level 5 of the Dungeon
  4605 | D:5      | Found a glowing drain.
  4614 | Sewer    | Entered a sewer
  4629 | Sewer    | Noticed hilaritas's ghost (amateur OgNe)
  4659 | Sewer    | Noticed Purgy
  4664 | Sewer    | Killed Purgy
  4664 | Sewer    | Reached skill level 5 in Armour
  4664 | Sewer    | Reached XP level 7. HP: 56/60 MP: 7/7
  4872 | D:5      | Noticed Menkaure
  5121 | D:5      | Found a blossoming altar of Fedhas.
  5142 | D:5      | Reached skill level 5 in Fighting
  5573 | D:6      | Slain by an orc warrior

Skill      XL: |  1  2  3  4  5  6  7 |
---------------+----------------------+-----
Fighting       | 4 5 |  5.0
Maces & Flails | 3 4 5 |  5.5
Shields        | 4 |  4.9
Dodging        | 1 |  1.0
Armour         | 4 5 |  5.4
Stealth        | |  0.5

Action                   |  1- 3 |  4- 6 |  7- 9 || total
-------------------------+-------+-------+-------++-------
Melee: Flail             |   221 |   229 |    75 ||   525
Invok: Convert to Beogh  |       |     1 |       ||     1
  Use: Scroll            |       |     2 |     4 ||     6
       Potion            |       |     1 |       ||     1
  Eat: Chunk             |     2 |     6 |     3 ||    11
       Fruit             |       |     1 |       ||     1
       Royal jelly       |       |     2 |       ||     2
Armor: Scale mail        |   122 |    10 |       ||   132
       Chain mail        |       |    90 |    35 ||   125
Dodge: Dodged            |    61 |    52 |    16 ||   129
Block: Shield            |   133 |   107 |    35 ||   275
